 Dungeon Crawl Stone Soup version 0.31.0-10-gcf4a605ca0 (webtiles) character file.

Game seed: 523251363957243509

6 SnakkuSnakku7 the Caller (level 1, 0/16 HPs)
             Began as a Ghoul Summoner on Jan 26, 2024.
             Slain by a rat (1 damage)
             ... on level 1 of the Dungeon.
             The game lasted 00:00:17 (120 turns).

SnakkuSnakku7 the Caller (Ghoul Summoner)            Turns: 120, Time: 00:00:18

Health: 0/16       AC:  2    Str: 11    XL:     1   Next: 90%
Magic:  3/3        EV: 12    Int: 14    God:
Gold:   9          SH:  0    Dex:  9    Spells: 2/3 levels left

rFire   . .          .
                       - Unarmed
rCold   + . .        (no shield)
rNeg    + + +        a - +0 robe
rPois   ∞            (no helmet)
rElec   .            (no cloak)
rCorr   .            (no gloves)
SInv    .            (no boots)
Will    .....        (no amulet)
Stlth   ++           (no ring)
HPRegen 0.00/turn    (no ring)
MPRegen 0.08/turn

%: no passive effects
@: inhibited regen
A: claws 1, cold resistance 1, negative energy resistance 3, inhibited
regeneration, torment resistance 2, devour on kill
a: no special abilities


You were on level 1 of the Dungeon.
You visited 1 branch of the dungeon, and saw 1 of its levels.

You collected 9 gold pieces.

Inventory:

Armour
 a - a +0 robe (worn)
Scrolls
 c - a scroll of noise {unknown}
 d - a scroll of revelation {unknown}
 e - a scroll of amnesia {unknown}
Potions
 b - a potion of magic


   Skills:
 + Level 1.0 Fighting
 - Level 1.7 Dodging
 - Level 2.1 Stealth
 + Level 1.0 Unarmed Combat
 - Level 1.7 Spellcasting
 - Level 3.6 Summonings


You had 2 spell levels left.
You knew the following spells:

 Your Spells              Type           Power      Damage    Failure   Level
a - Summon Small Mammal   Summ           44%        N/A       5%          1

Your spell library contained the following spells:

 Spells                   Type           Power      Damage    Failure   Level
 Call Imp                 Summ           22%        N/A       9%          2
 Call Canine Familiar     Summ           11%        N/A       17%         3
 Summon Blazeheart Golem  Fire/Summ      6%         N/A       75%         4
 Summon Lightning Spire   Summ/Air       6%         N/A       75%         4


Dungeon Overview and Level Annotations

Branches:
Dungeon (1/15)

Altars:


Innate Abilities, Weirdness & Mutations

You are immune to poison.
You have sharp fingernails.
Your flesh is cold resistant. (rC+)
You are immune to negative energy. (rN+++)
You do not regenerate when monsters are visible.
You are immune to unholy pain and torment.
You thrive by killing the living.


Message History

The quokka bites you.
You are too injured to fight recklessly!
You scratch the quokka.
You kill the quokka!
You closely miss the giant cockroach.
The giant cockroach is severely wounded.
The giant cockroach closely misses you.
You barely miss the giant cockroach.
The giant cockroach is severely wounded.
The giant cockroach bites you.
* * * LOW HITPOINT WARNING * * *
The giant cockroach barely misses you.
You scratch the giant cockroach but do no damage.
The giant cockroach is severely wounded.
The giant cockroach barely misses you.
You barely miss the giant cockroach.
The giant cockroach is severely wounded.
The giant cockroach bites you.
* * * LOW HITPOINT WARNING * * *
You closely miss the giant cockroach.
The giant cockroach is severely wounded.
The giant cockroach bites you but does no damage.
You scratch the giant cockroach but do no damage.
The giant cockroach is severely wounded.
The giant cockroach misses you.
You closely miss the giant cockroach.
The giant cockroach is severely wounded.
The giant cockroach bites you but does no damage.
The giant cockroach completely misses you.
You scratch the giant cockroach.
You kill the giant cockroach!
You scratch the hobgoblin but do no damage.
The hobgoblin hits you.
* * * LOW HITPOINT WARNING * * *
You scratch the hobgoblin.
You kill the hobgoblin!
Your Fighting skill increases to level 1!
Your Unarmed Combat skill increases to level 1!
You scratch the rat but do no damage. The rat bites you.
You die...

#..## ... #..
###..### .$. #....#
#......# ..
#....####......# .
#.# #..............#
.(###..
#....####......#
.......
#........#####.#
.......###.#......#
#.#
.......r@....#....#
#..
......##>..###....#
##. #########.#.#
#....# ##
............# #....#
............###....#
........)..........#
...........####....#
...................#
...........####....#


You could see a rat.

Vanquished Creatures
  A giant cockroach (D:1)
  A hobgoblin (D:1)
  A kobold (D:1)
  A quokka (D:1)
  A rat (D:1)
5 creatures vanquished.

Notes
Turn   | Place    | Note
-------+----------+-------------------------------------------
     0 | D:1      | SnakkuSnakku7 the Ghoul Summoner began the quest for the
                  | Orb.
     0 | D:1      | Reached XP level 1. HP: 14/14 MP: 3/3
   120 | D:1      | Reached skill level 1 in Fighting
   120 | D:1      | Reached skill level 1 in Unarmed Combat
   120 | D:1      | Slain by a rat

Illustrated notes

Levels and vault maps discovered:
D:1:      lemuel_arrival_hallway, layout_basic, shapermc_ecumenical_altar_gd,
          minmay_pentomino_u4

Skill      XL: |  1 |
---------------+----+-----
Fighting       | 1 |  1.0
Unarmed Combat | 1 |  1.0
Dodging        | |  1.7
Stealth        | |  2.1
Spellcasting   | |  1.7
Summonings     | |  3.6

Action                     || total
---------------------------++-------
  Melee: Unarmed           ||    30
 Armour: Robe              ||    17
  Dodge: Dodged            ||    16
